 Dungeon Crawl Stone Soup version 0.13.1-2-gfb2c2b7 (webtiles) character file.

181 Lilouch the Firebug (level 4, 0/33 HPs)
             Began as a Hill Orc Fire Elementalist on Dec 3, 2013.
             Succumbed to Crazy Yiuf's poison
             ... on Level 2 of the Dungeon.
             The game lasted 00:07:55 (1623 turns).

Lilouch the Firebug (Hill Orc Fire Elementalist)    Turns: 1623, Time: 00:07:55

HP   0/33        AC  4     Str 10      XL: 4   Next:  2%
MP   2/8         EV 12     Int 16      God:
Gold 123         SH  0     Dex 11      Spells:  1 memorised,  6 levels left

Res.Fire  : . . .   See Invis. : .   (no weapon)
Res.Cold  : . . .   Warding    : .   a - +0 orc robe
Life Prot.: . . .   Conserve   : .   (no shield)
Res.Poison: .       Res.Corr.  : .   (no helmet)
Res.Elec. : .       Clarity    : .   s - +1 elf cloak
Sust.Abil.: . .     Spirit.Shd : .   (no gloves)
Res.Mut.  : .       Stasis     : .   (no boots)
Res.Rott. : .       Flight     : .   (no amulet)
Saprovore : + . .                    (no ring)
                                     (no ring)

@: mildly poisoned, slightly resistant to hostile enchantments, fairly stealthy
A: saprovore 1
a: no special abilities


You were on level 2 of the Dungeon.
You were not hungry.

You visited 1 branch of the dungeon, and saw 2 of its levels.

You collected 103 gold pieces.

Inventory:

Hand weapons
 n - a +4,+2 quarterstaff of chaos
 p - a -1,+0 orcish dagger
 A - a +0,+0 dagger
 B - a +0,+0 dagger
Missiles
 d - 46 stones
 h - a dart of flame (quivered)
 j - 8 poisoned needles
 t - 22 sling bullets
Armour
 a - a +0 orcish robe (worn)
 o - a +1 cloak
 s - a +1 elven cloak (worn)
Magical devices
 m - a wand of flame (6)
Comestibles
 c - 3 meat rations
 f - a beef jerky
 i - a chunk of rat flesh
 k - a chunk of hobgoblin flesh
 q - a bread ration
 v - a rotting chunk of hobgoblin flesh
 w - 2 rotting chunks of hobgoblin flesh
 x - 2 chunks of goblin flesh
 z - an apple
Scrolls
 g - a scroll of curse jewellery {unknown}
 l - a scroll of enchant weapon II {unknown}
 r - 2 scrolls of remove curse {unknown}
 y - a scroll of enchant armour {unknown}
Potions
 e - a potion of might {unknown}
 u - 2 potions of curing {unknown}
Books
 b - a book of Flames

   Spells                             Type                      Level
   *Flame Tongue                      Conjuration/Fire             1
   Throw Flame                        Conjuration/Fire             2
   Conjure Flame                      Conjuration/Fire             3
   Inner Flame                        Hexes/Fire                   3
   Sticky Flame                       Conjuration/Fire             4
   Fireball                           Conjuration/Fire             5


   Skills:
 - Level 1.5 Dodging
 - Level 1.5 Stealth
 * Level 2.1 Spellcasting
 + Level 2.0 Conjurations
 + Level 3.7 Fire Magic


You had 6 spell levels left.
You knew the following spells:

 Your Spells              Type           Power        Failure   Level  Hunger
a - Flame Tongue          Conj/Fire      ##...        10%         1    #......


Dungeon Overview and Level Annotations

Branches:
Dungeon (2/27)

Altars:


Innate Abilities, Weirdness & Mutations

You can tolerate rotten meat.


Message History

You feel sick.
m - a wand of flame {zapped: 3}
Things that are here:
a quarterstaff of chaos; a cloak; the gnoll corpse of Crazy Yiuf
There are several objects here.
Pick up a quarterstaff of chaos? ((y)es/(n)o/(a)ll/(m)enu/*?g,/q)
n - a quarterstaff of chaos;
o - a cloak
* * * LOW HITPOINT WARNING * * *
You feel sick.
* * * LOW HITPOINT WARNING * * *
You feel sick.
A - a dagger
* * * LOW HITPOINT WARNING * * *
You feel sick.
* * * LOW HITPOINT WARNING * * *
You feel sick.
You feel a little better.
B - a dagger You see here a dwarven hammer.
You die...

#.... ######.#>#
#......#.# ########.#
♣♣♣♣♣♣# ..# #.#
♣♣♣♣♣♣♣♣## #.# #..
#####♣♣♣.♣.♣.###.#####
#...#♣.%♣...........#.
#....@♣♣♣♣.......#..#.
#)..#♣♣♣♣♣♣..#.#.#..#.
#####♣♣♣♣♣♣♣##...#..#.
♣♣♣###.##..#.
##.##..## #......#
##.###### #.##.%..
#....###


There were no monsters in sight!

Vanquished Creatures
  Crazy Yiuf (D:2)
  2 giant geckos (D:1)
  3 giant cockroaches (D:1)
  4 hobgoblins
  3 jackals (D:1)
  5 kobolds (D:1)
  2 bats (D:1)
  3 goblins
  3 rats
26 creatures vanquished.

Notes
Turn   | Place    | Note
--------------------------------------------------------------
     0 | D:1      | Lilouch, the Hill Orc Fire Elementalist, began the quest for the Orb.
     0 | D:1      | Reached XP level 1. HP: 14/14 MP: 3/3
   642 | D:1      | Reached XP level 2. HP: 15/20 MP: 0/4
  1135 | D:1      | Reached XP level 3. HP: 23/26 MP: 4/6
  1597 | D:2      | Noticed Crazy Yiuf
  1608 | D:2      | Killed Crazy Yiuf
  1608 | D:2      | Reached XP level 4. HP: 5/33 MP: 0/8
  1617 | D:2      | HP: 1/33 [poisoned by Crazy Yiuf]
  1623 | D:2      | Succumbed to Crazy Yiuf's poison

Action                   |  1- 3 |  4- 6 || total
-------------------------+-------+-------++-------
Melee: Unarmed           |    19 |       ||    19
Throw: Stone             |     5 |       ||     5
       Dagger            |     8 |       ||     8
       Dart              |     1 |       ||     1
 Cast: Flame Tongue      |    47 |     1 ||    48
